 Dungeon Crawl Stone Soup version 0.24.0-10-g970556be89 (webtiles) character file.

Game seed: 11568297879831238566, levelgen mode: deterministic

177 Masnef the Ogre Mage (level 5, -1/75 HPs)
             Began as an Ogre Wizard on Nov 4, 2019.
             Slain by Duvessa
             ... wielding a +0 short sword
              (9 damage)
             ... on level 4 of the Dungeon.
             The game lasted 00:15:21 (5593 turns).

Masnef the Ogre Mage (Ogre Wizard)                  Turns: 5593, Time: 00:15:22

Health: -1/75      AC:  3    Str: 16    XL:     5   Next: 57%
Magic:  5/10       EV: 10    Int: 20    God:
Gold:   167        SH:  0    Dex:  7    Spells: 3/11 levels left

rFire    + . .     SeeInvis .   c - +0 club
rCold    . . .     Gourm    .   (no shield)
rNeg     . . .     Faith    .   a - +0 robe
rPois    +         Spirit   .   b - +0 hat
rElec    .         Reflect  .   (no cloak)
rCorr    .         Harm     .   (gloves unavailable)
MR       .....                  (boots unavailable)
Stlth    ..........             (no amulet)
HPRegen  0.22/turn              q - ring of poison resistance
MPRegen  0.12/turn              i - ring of protection from fire

@: berserking, hasted, very quick
A: large, unfitting armour, tough skin 1
a: no special abilities


You were on level 4 of the Dungeon.
You were hungry.

You visited 1 branch of the dungeon, and saw 4 of its levels.

You collected 167 gold pieces.

Inventory:

Hand Weapons
 c - a +0 club (weapon)
 h - a +0 whip
 p - a +0 dagger
Armour
 a - a +0 robe (worn)
 b - a +0 hat (worn)
Jewellery
 i - a ring of protection from fire (right hand)
 q - a ring of poison resistance (left hand)
Scrolls
 e - 2 scrolls of remove curse
 f - a scroll of immolation {unknown}
 g - a scroll of enchant armour {unknown}
 j - a scroll of teleportation
 k - a scroll of identify {unknown}
Potions
 l - 2 potions of haste
 o - a potion of degeneration {unknown}
Comestibles
 d - 3 rations
 r - 2 chunks of flesh


   Skills:
 * Level 2.5 Fighting
 * Level 0.0 Short Blades
 - Level 2.0 Maces & Flails
 * Level 1.1 Throwing
 * Level 2.3 Dodging
 - Level 1.4 Stealth
 + Level 3.8 Spellcasting
 * Level 2.1 Conjurations
 - Level 1.0 Summonings
 - Level 1.0 Translocations
 * Level 0.8 Air Magic
 * Level 0.9 Poison Magic


You had 3 spell levels left.
You knew the following spells:

 Your Spells              Type           Power        Failure   Level  Hunger
a - Magic Dart            Conj           ##..         5%          1    None
b - Blink                 Tloc           N/A          13%         2    ##.....
c - Call Imp              Summ           #.......     13%         2    ##.....
d - Mephitic Cloud        Conj/Pois/Air  #.......     22%         3    ###....

Your spell library contained the following spells:

 Spells                   Type           Power        Failure   Level  Hunger
 Slow                     Hex            #.......     21%         2    ##.....
 Conjure Flame            Conj/Fire      #.......     26%         3    ###....


Dungeon Overview and Level Annotations

Branches:
Dungeon (4/15)
 Temple: D:4-7

Altars:

Annotations:
D:3 2 transporters
D:4 Dowan, Duvessa


Innate Abilities, Weirdness & Mutations

You are too large for most types of armour.
You have tough skin. (AC +1)


Message History

Okay, then.
You aren't carrying any items that you can evoke.
Okay, then.
A red film seems to cover your vision as you go berserk!
You feel yourself moving faster!
You feel mighty!
You hit Duvessa.
Duvessa is severely wounded.
Dowan gestures at Duvessa while chanting.
Duvessa seems to speed up.
Duvessa hits you with a +0 short sword.
* * * LOW HITPOINT WARNING * * *
You hit Duvessa.
Duvessa is almost dead.
Dowan whispers, "It won't be long now."
Duvessa hits you with a +0 short sword!
* * * LOW HITPOINT WARNING * * *
Unknown command.
You completely miss Duvessa.
Duvessa is severely wounded.
Duvessa hits you with a +0 short sword!
You die...

..# ..# ## ..# ####
###.# ..#
###..###..# ..#
##(.....(?# .##
##....((..## .#
##.....)...# .#
#......e...# .##
##..e...@...# ..##
##...........# #..##
##...........##
##..###...........##
##...............#
#...#[...[.....##
#..##...........#
##.##...........#
#.###......##...#


You could see Duvessa and Dowan.

Vanquished Creatures
  Jessica (D:2)
  3 adders
  An ooze (D:1)
  A worm (D:4)
  A dart slug (D:1)
  3 leopard geckos
  3 orcs
  6 giant cockroaches
  5 goblins
  5 hobgoblins
  7 jackals
  9 kobolds
  3 quokkas
  A ball python (D:1)
  7 bats
  2 frilled lizards (D:1)
  8 rats
66 creatures vanquished.

Vanquished Creatures (collateral kills)
  An orc priest (D:3)
  Terence (D:3)
  A worm (D:3)
  An orc (D:3)
4 creatures vanquished.

Vanquished Creatures (others)
  4 plants (D:3)
4 creatures vanquished.

Grand Total: 74 creatures vanquished

Notes
Turn   | Place    | Note
-------+----------+-------------------------------------------
     0 | D:1      | Masnef the Ogre Wizard began the quest for the Orb.
     0 | D:1      | Reached XP level 1. HP: 16/16 MP: 5/5
    12 | D:1      | Reached skill level 1 in Conjurations
   142 | D:1      | You fall into a shaft and drop 1 floor!
   253 | D:2      | Noticed Jessica
   690 | D:1      | Reached skill level 1 in Maces & Flails
   690 | D:1      | Reached XP level 2. HP: 24/24 MP: 2/6
   950 | D:1      | Reached skill level 1 in Fighting
  1152 | D:1      | Reached XP level 3. HP: 21/33 MP: 1/8
  1262 | D:1      | Learned a level 2 spell: Blink
  1265 | D:1      | Learned a level 2 spell: Call Imp
  1269 | D:1      | Learned a level 3 spell: Mephitic Cloud
  1446 | D:1      | Reached skill level 1 in Translocations
  1925 | D:2      | Reached skill level 1 in Summonings
  2122 | D:2      | Killed Jessica
  2122 | D:2      | Reached XP level 4. HP: 34/42 MP: 2/9
  3528 | D:3      | Reached XP level 5. HP: 25/50 MP: 2/10
  3877 | D:3      | Noticed Terence
  4175 | D:3      | Killed Terence
  4175 | D:3      | Reached skill level 1 in Throwing
  4437 | D:3      | Found a transporter.
  4475 | D:3      | Found a transporter.
  5514 | D:4      | Noticed Duvessa
  5514 | D:4      | Noticed Dowan
  5593 | D:4      | Slain by Duvessa

Levels and vault maps discovered:
D:1:      dpeg_arrival_arbitrary_c, layout_basic
D:2:      layout_basic, first_ration, chequers_serial_rivers_micro_d,
          uniq_jessica
D:3:      layout_basic, gammafunk_ghost_gnarly_gnolls, uniq_terence
D:4:      layout_cave_pods, minitemple, uniq_eustachio, uniq_duvessa

Skill      XL: |  1  2  3  4  5 |
---------------+----------------+-----
Conjurations   | 1 2 |  2.1
Maces & Flails | 1 2 |  2.0
Fighting       | 1 2 |  2.5
Translocations | 1 |  1.0
Summonings     | 1 |  1.0
Dodging        | 2 |  2.3
Throwing       | 1 |  1.1
Stealth        | |  1.4
Spellcasting   | |  3.8
Air Magic      | |  0.8
Poison Magic   | |  0.9

Action                   |  1- 3 |  4- 6 || total
-------------------------+-------+-------++-------
Melee: Club              |    62 |    39 ||   101
       Whip              |       |    32 ||    32
       Dagger            |       |    88 ||    88
Throw: Large rock        |       |     4 ||     4
 Cast: Magic Dart        |    71 |    62 ||   133
       Call Imp          |       |    11 ||    11
       Mephitic Cloud    |       |    12 ||    12
  Use: Scroll            |       |     3 ||     3
       Potion            |       |     3 ||     3
 Stab: Sleeping          |       |     1 ||     1
       Confused          |       |     8 ||     8
  Eat: Chunk             |     4 |     8 ||    12
       Ration            |       |     1 ||     1
Armor: Robe              |    26 |    21 ||    47
Dodge: Dodged            |    56 |    90 ||   146
